 Dungeon Crawl Stone Soup version 0.13-a0-2485-g242ae62 (webtiles) character file.

331 JogiH the Ruinous (level 4, -1/36 HPs)
             Began as a Djinni Wizard on July 21, 2013.
             Killed by divine providence
             ... invoked by an orc priest
              (13 damage)
             ... on Level 3 of the Dungeon.
             The game lasted 00:10:18 (3010 turns).

JogiH the Ruinous (Djinni Wizard)                   Turns: 3010, Time: 00:10:19

HP  -1/36        AC  2     Str  8      XL: 4   Next: 74%
MP   0/0         EV 12     Int 19      God:
Gold 212         SH  0     Dex 11      Spells:  4 memorised,  2 levels left

Res.Fire  : + + +   See Invis. : .   v - +2,+1 orc short sword (flame)
Res.Cold  : x . .   Warding    : .   a - +0 robe
Life Prot.: + + +   Conserve   : .   (no shield)
Res.Poison: .       Res.Corr.  : .   b - +0 wizard hat
Res.Elec. : .       Clarity    : .   (no cloak)
Sust.Abil.: . .     Spirit.Shd : .   (no gloves)
Res.Mut.  : .       Stasis     : .   (boots unavailable)
Res.Rott. : .       Flight     : .   (no amulet)
Saprovore : . . .                    (no ring)
                                     (no ring)

@: very slightly contaminated, slightly resistant to hostile enchantments,
unstealthy
A: no striking features
a: no special abilities


You were on level 3 of the Dungeon.
You were not hungry.

You visited 1 branch of the dungeon, and saw 3 of its levels.

You collected 192 gold pieces.

Inventory:

Hand weapons
 t - a +4,+0 orcish short sword of speed
 u - a +0,+0 orcish hammer of holy wrath
 v - a +2,+1 orcish short sword of flaming (weapon)
Missiles
 j - 5 javelins of penetration (quivered)
Armour
 a - a +0 robe (worn)
 b - a +0 wizard hat (worn)
Scrolls
 d - 4 scrolls of remove curse
 f - 5 scrolls of identify {unknown}
 g - a scroll of curse armour {unknown}
 m - 4 scrolls of teleportation {unknown}
 n - a scroll of recharging {unknown}
 o - a scroll of amnesia {unknown}
 r - a scroll of magic mapping {unknown}
Potions
 e - 2 potions of curing {unknown}
 h - a potion of speed {unknown}
 i - a potion of might {unknown}
 k - a potion of agility {unknown}
 l - a potion of beneficial mutation {unknown}
 p - a potion of paralysis {unknown}
 q - a potion of mutation {unknown}
 s - a potion of heal wounds {unknown}
 w - a potion of restore abilities {unknown}
Books
 c - a book of Minor Magic

   Spells                             Type                      Level
   *Magic Dart                        Conjuration                  1
   *Blink                             Translocation                2
   *Call Imp                          Summoning                    2
   Repel Missiles                     Charms/Air                   2
   Slow                               Hexes                        2
   *Conjure Flame                     Conjuration/Fire             3
   Mephitic Cloud                     Conjuration/Poison/Air       3


   Skills:
 - Level 1.7 Dodging
 - Level 1.5 Stealth
 - Level 3.6 Spellcasting
 + Level 4.7 Conjurations
 + Level 1.8 Summonings
 + Level 1.0 Translocations


You had 2 spell levels left.
You knew the following spells:

 Your Spells              Type           Power        Failure   Level  Hunger
a - Magic Dart            Conj           ###.         1%          1    None
b - Blink                 Tloc           N/A          17%         2    ##.....
c - Call Imp              Summ           ##........   12%         2    ##.....
d - Conjure Flame         Conj/Fire      ##......     17%         3    ###....


Dungeon Overview and Level Annotations

Branches:
Dungeon (3/27)

Altars:
Nemelex Xobeh


Message History

Deactivating autopickup; reactivate with Ctrl-A.
You swap places.
The orc priest barely misses your white imp.
Your white imp gestures at the orc priest.
The puff of frost hits the orc priest.
The orc priest calls down the wrath of Beogh upon you.
Something smites you!
Your white imp hits the orc priest.
Your white imp freezes the orc priest.
The orc priest barely misses your white imp.
The orc hits your white imp with an orcish hand axe.
Your white imp hits the orc priest but does no damage.
The orc priest calls down the wrath of Beogh upon you.
Something smites you!
The orc hits your white imp with an orcish hand axe.
Your white imp hits the orc.
Your white imp freezes the orc.
The orc dies!
Found 21 darts.
The orc priest mumbles some strange prayers to Beogh against you.
Something smites you!
You die...

#...# #........######
#...# #..............
#...# #)....##.######
#...# #..............
##...###....###.######
#......#....# #.#
#......########.#
##...............######
#⌠.⌠..@........####....
#._.....######.# #....
#⌠.⌠....# #.####....
##......## #.....)...
###.....# #####.....
##5##.# #........
#.o..o)o.#.# #.##.....
#.#####.##.# # #.....
#.# (# ######


You could see an orc priest and a friendly white imp.

Vanquished Creatures
  An adder (D:2)
  3 giant geckos
  An ooze (D:3)
  8 orcs (D:3)
  6 bats
  A bat skeleton (D:3)
  5 giant cockroaches
  11 goblins
  6 hobgoblins
  A jackal (D:3)
  A quokka (D:3)
  A ball python (D:2)
  3 giant newts
  4 kobolds
  3 rats
55 creatures vanquished.

Vanquished Creatures (collateral kills)
  An orc priest (D:3)
  An adder (D:2)
  A giant mite (D:3)
  A giant gecko (D:2)
  4 orcs (D:3)
  A hobgoblin (D:2)
  3 jackals (D:3)
  2 kobolds
  A goblin (D:1)
  A rat (D:2)
16 creatures vanquished.

Vanquished Creatures (others)
  A white imp (D:3)
1 creature vanquished.

Grand Total: 72 creatures vanquished

Notes
Turn   | Place    | Note
--------------------------------------------------------------
     0 | D:1      | JogiH, the Djinni Wizard, began the quest for the Orb.
     0 | D:1      | Reached XP level 1. HP: 14/14 MP: 0/0
   210 | D:1      | Reached XP level 2. EP: 22/22
   253 | D:1      | Learned a level 2 spell: Blink
   256 | D:1      | Learned a level 2 spell: Call Imp
  1054 | D:2      | Reached XP level 3. EP: 8/28
  1155 | D:2      | Learned a level 3 spell: Conjure Flame
  2057 | D:3      | Reached skill level 4 in Conjurations
  2067 | D:3      | Reached XP level 4. EP: 28/36
  2986 | D:3      | Found a sparkling altar of Nemelex Xobeh.
  3010 | D:3      | Killed from afar by an orc priest

Action                   |  1- 3 |  4- 6 || total
-------------------------+-------+-------++-------
Melee: Unarmed           |     8 |       ||     8
       Short sword       |       |    13 ||    13
 Cast: Magic Dart        |    79 |    48 ||   127
       Call Imp          |    10 |     4 ||    14
  Use: Scroll            |       |     1 ||     1
